 Seeded DCSS version 0.29-a0-982-gaed3a0c8d8 (webtiles) character file.

Game seed: 8178002711476288257 (custom seed)

10 flotson the Sneak (level 2, -11/24 HPs)
             Began as a Demonspawn Delver on Aug 1, 2022.
             Mangled by a gnoll
             ... wielding a +0 flail
              (13 damage)
             ... on level 4 of the Dungeon.
             The game lasted 00:00:32 (84 turns).

flotson the Sneak (Demonspawn Delver)                 Turns: 84, Time: 00:00:33

Health: -11/24     AC:  3    Str: 12    XL:     2   Next: 10%
Magic:  2/2        EV: 12    Int: 11    God:
Gold:   0          SH:  0    Dex: 14    Spells: 1/1 levels left

rFire   . . .      SeeInvis .   a - +0 spear
rCold   . . .      Faith    .   (no shield)
rNeg    . . .      Spirit   .   b - +0 leather armour
rPois   .          Reflect  .   (no helmet)
rElec   .          Harm     .   (no cloak)
rCorr   .          Rampage  .   (no gloves)
Will    .....                   (no boots)
Stlth   ++........              (no amulet)
HPRegen 0.08/turn               (no ring)
MPRegen 0.08/turn               (no ring)

@: no status effects
A: demonic magic 1
a: no special abilities


You were on level 4 of the Dungeon.
You visited 1 branch of the dungeon, and saw 2 of its levels.

Inventory:

Hand Weapons
 a - a +0 spear (weapon)
Armour
 b - a +0 leather armour (worn)
Wands
 g - a wand of digging (3)
Scrolls
 c - a scroll of fog
 d - a scroll of magic mapping
Potions
 f - a potion of haste


   Skills:
 + Level 3.1 Fighting
 - Level 1.7 Polearms
 + Level 0.5 Armour
 + Level 2.0 Dodging
 - Level 4.5 Stealth
 + Level 0.6 Evocations


You had one spell level left.
You didn't know any spells.
Your spell library was empty.

Dungeon Overview and Level Annotations

Branches:
Dungeon (5/15)
 Temple: D:4-7

Altars:


Innate Abilities, Weirdness & Mutations

Spells you cast may paralyse adjacent enemies.


Message History

The adder bites you.
A gnoll comes into view. It is wielding a +0 flail.
You barely miss the adder.
The adder is heavily wounded.
The adder bites you.
You are poisoned.
The adder poisons you! The adder closely misses you.
You hit the adder.
The adder is severely wounded.
You feel sick. The adder barely misses you.
You closely miss the adder.
The adder is severely wounded.
You feel sick. The adder completely misses you.
The adder attacks as you move away! The adder closely misses you.
You feel sick. The adder bites you.
You hit the adder.
The adder is almost dead.
You feel sick. The adder closely misses you.
You miss the adder.
The adder is almost dead.
You feel sick.
You are no longer poisoned.
The adder closely misses you.
You barely miss the adder.
The adder is almost dead.
The adder bites you.
* * * LOW HITPOINT WARNING * * *
You hit the adder but do no damage.
The adder is almost dead.
The adder barely misses you. The adder closely misses you.
You hit the adder.
You kill the adder!
Your Dodging skill increases to level 2!
You have reached level 2!
Your demonic ancestry asserts itself...
A menacing aura infuses your magic. The gnoll attacks as you move away!
The gnoll closely misses you. The gnoll attacks as you move away!
The gnoll hits you with a +0 flail!
Ouch! That really hurt!
You die...

## .. #.#.###.#..#
#...##.####.#.##...#.#
#....#....#.##.....#
#>.............#
#....<.........#
#.......#g###....#
###r#...#†# ..:[#
#.###.#g# ....#
#.....@.# .S#g#
#.....### .#.$#
#.##### .#..# .. ..##


You could see a gnoll and a goblin.

Vanquished Creatures
  An adder (D:4)
  A ball python (D:4)
2 creatures vanquished.

Notes
Turn   | Place    | Note
-------+----------+-------------------------------------------
     0 | D:5      | flotson the Demonspawn Delver began the quest for the Orb.
     0 | D:5      | Reached XP level 1. HP: 18/18 MP: 1/1
    37 | D:5      | Noticed an iguana
    83 | D:4      | Gained mutation: Spells you cast may paralyse adjacent
                  | enemies. [demonic ancestry]
    83 | D:4      | Reached XP level 2. HP: 2/24 MP: 2/2
    84 | D:4      | Mangled by a gnoll

Illustrated notes

Levels and vault maps discovered:
D:4:      layout_basic, led_sif_pool, hellmonk_ghost_happy_afterlife,
          minmay_curled_crystal
D:5:      layout_layer_cave, makhleb_blood_cavern_becter,
          grunt_dithmenos_smoke_and_mirrors, minmay_temple_entry_steel_oval,
          skrybe_limestone_x

Skill      XL: |  1 |
---------------+----+-----
Dodging        | 2 |  2.0
Fighting       | |  3.1
Polearms       | |  1.7
Armour         | |  0.5
Stealth        | |  4.5
Evocations     | |  0.6

Action                   || total
-------------------------++-------
Melee: Spear             ||    14
  Use: Scroll            ||     1
 Stab: Sleeping          ||     1
Dodge: Dodged            ||    12

Table legend: (Time is in decaauts)
 A = Elapsed time spent in this place.
 B = Non-inter-level travel time spent in this place.
 C = Inter-level travel time spent in this place.
 D = Time resting spent in this place.
 E = Time spent auto-exploring this place.
 F = Levels seen in this place.
 G = Mean time per level.
                   A        B        C        D        E       F      G
               +--------+--------+--------+--------+--------+-----+--------+
         Total |     84 |     84 |      0 |      0 |     37 |   2 |   42.0 |
       Dungeon |     84 |     84 |      0 |      0 |     37 |   2 |   42.0 |
               +--------+--------+--------+--------+--------+-----+--------+

Top non-repeatable levels by time:
     D:5: 51 daAuts
     D:4: 33 daAuts
